 Dungeon Crawl Stone Soup version 0.27-a0-1500-g450c7e4133 (webtiles) character file.

Game seed: 6063378141451763031

42 dolemite99 the Slasher (level 3, -1/31 HPs)
             Began as a Minotaur Abyssal Knight on July 8, 2021.
             Was a Follower of Lugonu.
             Slain by a shadow imp (4 damage)
             ... summoned by Natasha
             ... on level 2 of the Dungeon.
             The game lasted 00:01:02 (1377 turns).

dolemite99 the Slasher (Minotaur Abyssal Knight)    Turns: 1377, Time: 00:01:03

Health: -1/31      AC:  5    Str: 17    XL:     3   Next: 33%
Magic:  3/3        EV: 10    Int:  9    God:    Lugonu [*.....]
Gold:   33         SH:  0    Dex:  9    Spells: 2/2 levels left

rFire    . . .     SeeInvis .   a - +1 falchion
rCold    . . .     Faith    .   (no shield)
rNeg     . . .     Spirit   .   f - +0 ring mail
rPois    .         Reflect  .   (helmet restricted)
rElec    .         Harm     .   (no cloak)
rCorr    .         Rampage  .   (no gloves)
Will     .....                  (no boots)
Stlth    ..........             (no amulet)
HPRegen  0.10/turn              (no ring)
MPRegen  0.08/turn              (no ring)

@: no status effects
A: horns 2, retaliatory headbutt
a: Renounce Religion, Depart the Abyss


You were on level 2 of the Dungeon.
You worshipped Lugonu.
Lugonu was aware of your devotion.
You visited 1 branch of the dungeon, and saw 2 of its levels.
You visited the Abyss 1 time.

You collected 33 gold pieces.

Inventory:

Hand Weapons
 a - a +1 falchion (weapon)
Missiles
 c - 41 bolts
 e - 31 stones
 i - 22 arrows
Armour
 b - a +0 leather armour
 f - a +0 ring mail (worn)
Scrolls
 d - 2 scrolls of identify {unknown}
 j - a scroll of enchant weapon {unknown}
Potions
 g - a potion of curing {unknown}
 h - 2 potions of degeneration {unknown}


   Skills:
 - Level 3.6 Fighting
 + Level 4.6 Long Blades
 - Level 2.4 Armour
 - Level 1.1 Dodging
 - Level 1.7 Invocations


You had 2 spell levels left.
You didn't know any spells.
Your spell library was empty.

Dungeon Overview and Level Annotations

Branches:
Dungeon (2/15)

Altars:

Annotations:
D:2 Natasha


Innate Abilities, Weirdness & Mutations

You have a pair of horns on your head.
You reflexively headbutt those who attack you in melee.


Message History

The crimson imp hits you but does no damage.
Natasha closely misses you. You furiously retaliate!
You headbutt Natasha, but do no damage.
You riposte.
You hit Natasha but do no damage.
Natasha is moderately wounded.
The crimson imp blinks!
You barely miss Natasha. Your headbutt misses Natasha.
Natasha is moderately wounded.
Natasha claws you but does no damage. Natasha claws you.
You hit Natasha. Your headbutt misses Natasha.
Natasha is heavily wounded.
Natasha closely misses you.
You riposte.
You hit Natasha. You headbutt Natasha.
You kill Natasha!
Lugonu accepts your kill.
Natasha screams in pain as she dies!
The crimson imp disappears in a puff of smoke!
Your Long Blades skill increases to level 4!
You have reached level 3!
Your experience leads to an increase in your attributes!
Increase (S)trength, (I)ntelligence, or (D)exterity?
You feel stronger.
You now have 33 gold pieces (gained 10).
Unknown command.
There are no items here.
You feel yourself speed up.
Natasha, Servant of Life and Death comes into view.
Natasha is nearby!
Natasha hisses angrily.
Natasha mumbles some strange words.
Natasha wildly gestures.
Natasha's front paws start to glow.
Natasha casts a spell.
The white imp gestures at you. The puff of frost hits you!
The white imp gestures at you. The puff of frost hits you!
* * * LOW HITPOINT WARNING * * *
Found a stone staircase leading down.
The shadow imp hits you.
You die...

.....#... #.....#######
###...........#
#...##........#
..............#
.....###.#....#####
......##.†.....5..####
<†...........h###....#
........#......5@###..#
........#........# ....
.................# #>
.............[...#
..................
..................
..:..... .##..##.. ##.
##..


You could see Natasha and a shadow imp (summoned).

Vanquished Creatures
  Natasha (D:2)
  3 endoplasms (D:1)
  A goblin (D:1)
  2 hobgoblins (D:1)
  A kobold (D:1)
  2 quokkas (D:1)
  4 ball pythons
  3 rats
17 creatures vanquished.

Notes
Turn   | Place    | Note
-------+----------+-------------------------------------------
     0 | Abyss:1  | dolemite99 the Minotaur Abyssal Knight began the quest for
                  | the Orb.
     0 | Abyss:1  | Reached XP level 1. HP: 19/19 MP: 1/1
    70 | D:1      | Escaped the Abyss
   365 | D:1      | Reached skill level 3 in Long Blades
   646 | D:1      | Reached * piety under Lugonu
   647 | D:1      | Reached XP level 2. HP: 26/26 MP: 2/2
   657 | D:1      | Found a faded altar of an unknown god.
  1319 | D:2      | Noticed Natasha
  1321 | D:2      | Noticed a crimson imp
  1327 | D:2      | Killed Natasha
  1328 | D:2      | Reached skill level 4 in Long Blades
  1328 | D:2      | Reached XP level 3. HP: 13/31 MP: 3/3
  1369 | D:2      | Noticed Natasha
  1377 | D:2      | Slain by a shadow imp

Illustrated notes

Levels and vault maps discovered:
D:1:      mrwooster_arrival_arrow, layout_basic,
          ebering_ecumenical_altar_sacrificial
D:2:      layout_rooms, uniq_natasha

Skill      XL: |  1  2 |
---------------+-------+-----
Long Blades    | 3 4 |  4.6
Fighting       | |  3.6
Armour         | |  2.4
Dodging        | |  1.1
Invocations    | |  1.7

Action                   || total
-------------------------++-------
Melee: Falchion          ||    39
       Headbutt          ||     5
Invok: Depart the Abyss  ||     1
Armor: Leather armour    ||     6
       Ring mail         ||     8
Dodge: Dodged            ||    22
       Rpst.: Falchion   ||     3

Table legend: (Time is in decaauts)
 A = Elapsed time spent in this place.
 B = Non-inter-level travel time spent in this place.
 C = Inter-level travel time spent in this place.
 D = Time resting spent in this place.
 E = Time spent auto-exploring this place.
 F = Levels seen in this place.
 G = Mean time per level.
                   A        B        C        D        E       F      G
               +--------+--------+--------+--------+--------+-----+--------+
         Total |   1398 |   1368 |     30 |     49 |   1137 |   3 |  466.0 |
       Dungeon |   1328 |   1298 |     30 |     49 |   1073 |   2 |  664.0 |
         Abyss |     70 |     70 |      0 |      0 |     64 |   1 |   70.0 |
               +--------+--------+--------+--------+--------+-----+--------+

Top non-repeatable levels by time:
     D:1: 1222 daAuts
     D:2: 106 daAuts
 Abyss:1: 70 daAuts
